 Dungeon Crawl Stone Soup version 0.24-a0-272-g1411513 (webtiles) character file.

Game seed: 15635611215646828109

119 erloom the Ruffian (level 4, -1/35 HPs)
             Began as a Draconian Transmuter on Apr 25, 2019.
             Slain by an adder (4 damage)
             ... on level 3 of the Dungeon.
             The game lasted 00:09:09 (4061 turns).

erloom the Ruffian (Draconian Transmuter)           Turns: 4061, Time: 00:09:10

Health: -1/35      AC:  5    Str: 13    XL:     4   Next: 74%
Magic:  4/8        EV: 12    Int: 14    God:
Gold:   84         SH:  0    Dex: 11    Spells: 6/9 levels left

rFire    . . .     SeeInvis .     - Unarmed
rCold    . . .     Gourm    +   (no shield)
rNeg     . . .     Faith    .   (armour unavailable)
rPois    .         Spirit   .   (helmet restricted)
rElec    .         Reflect  .   (no cloak)
rCorr    .         Harm     .   (no gloves)
MR       .....                  (no boots)
Stlth    +.........             h - amulet of the gourmand
HPRegen  0.11/turn              (no ring)
MPRegen  0.11/turn              (no ring)

@: lethally poisoned (-1 -> -6), appendage (expiring)
A: unfitting armour, horns 2, cold-blooded, AC +5
a: End Transformation


You were on level 3 of the Dungeon.
You were completely stuffed.
You had grown temporary horns.
You visited 1 branch of the dungeon, and saw 3 of its levels.

You collected 84 gold pieces.

Inventory:

Hand Weapons
 o - a cursed +0 whip
Missiles
 a - 58 arrows
Armour
 b - a +0 leather armour
Jewellery
 h - an amulet of the gourmand (around neck)
 m - a +5 ring of strength {unknown}
 p - a +5 ring of strength {unknown}
Wands
 j - a wand of acid (9)
Scrolls
 d - 4 scrolls of identify {unknown}
 e - 4 scrolls of teleportation {unknown}
 g - a scroll of remove curse {unknown}
 i - 3 scrolls of fear {unknown}
 k - 2 scrolls of enchant armour {unknown}
 n - a scroll of blinking {unknown}
 q - a scroll of magic mapping {unknown}
Potions
 f - a potion of brilliance {unknown}
 l - a potion of resistance {unknown}
 r - 2 potions of lignification {unknown}
Comestibles
 c - 4 rations
 s - 2 chunks of flesh


   Skills:
 - Level 1.1 Fighting
 - Level 1.7 Dodging
 + Level 4.0 Unarmed Combat
 + Level 3.1 Spellcasting
 + Level 3.3 Transmutations


You had 6 spell levels left.
You knew the following spells:

 Your Spells              Type           Power        Failure   Level  Hunger
a - Beastly Appendage     Tmut           ##....       5%          1    #......
b - Sticks to Snakes      Tmut           ##......     9%          2    ##.....

Your spell library contained the following spells:

 Spells                   Type           Power        Failure   Level  Hunger
 Spider Form              Tmut/Pois      #.........   32%         3    ###....
 Ice Form                 Ice/Tmut       #.......     71%         4    #####..
 Blade Hands              Tmut           ##........   83%         5    ######.


Dungeon Overview and Level Annotations

Branches:
Dungeon (3/15)

Altars:
Ashenzari
Gozag
Ru
Vehumet
Xom

Annotations:
D:3 2 transporters, Ratty's ghost, amateur DENe


Innate Abilities, Weirdness & Mutations

Your plain brown scales are hard. (AC +5)
You cannot fit into any form of body armour.
You are cold-blooded and may be slowed by cold attacks.
You have a pair of horns on your head.


Message History

Your transformation is almost over.
The adder bites you. x2
You closely miss the adder.
You feel sick. The adder barely misses you.
You closely miss the adder. The adder barely misses you.
You hit the adder.
Your tail-slap misses the adder.
The adder is moderately wounded.
The adder bites you.
* * * LOW HITPOINT WARNING * * *
Casting: Beastly Appendage (safe; 5% risk of failure)
Confirm with . or Enter, or press ? or * to list all spells.
You create a snake!
You now have 59 arrows.
The adder bites you.
* * * LOW HITPOINT WARNING * * *
You are lethally poisoned!
The adder poisons you!
* * * LOW HITPOINT WARNING * * *
You feel sick. The adder barely misses you.
Casting: Sticks to Snakes (safe; 9% risk of failure)
Confirm with . or Enter, or press ? or * to list all spells.
You create a snake!
You now have 58 arrows.
The adder bites you.
You die...

....##.### .......###
....#....# ......####
.##...# ##....# ##.##.#
#..##.################
..##........รท...@SS..#
####........##S#####.#
#.....#####.......#
#.....# #......S#
#.....# ....###...#
#.....# ....# #S..#
.......# .... #...#
######.. .._. ....#
..##.#


You could see an adder and 2 friendly ball pythons.

Vanquished Creatures
  A gnoll (D:1)
  3 adders
  2 worms
  3 dart slugs
  2 leopard geckos
  3 orcs
  7 bats
  4 giant cockroaches
  5 hobgoblins
  4 jackals (D:1)
  6 kobolds
  2 quokkas (D:3)
  4 frilled lizards
  7 goblins
  10 rats
63 creatures vanquished.

Vanquished Creatures (collateral kills)
  A worm (D:1)
1 creature vanquished.

Grand Total: 64 creatures vanquished

Notes
Turn   | Place    | Note
-------+----------+-------------------------------------------
     0 | D:1      | erloom the Draconian Transmuter began the quest for the
                  | Orb.
     0 | D:1      | Reached XP level 1. HP: 16/16 MP: 3/3
     8 | D:1      | You fall through a shaft!
   320 | D:1      | Reached XP level 2. HP: 22/23 MP: 5/5
   345 | D:1      | Learned a level 2 spell: Sticks to Snakes
   624 | D:1      | Reached XP level 3. HP: 6/28 MP: 0/6
  1405 | D:2      | HP: 1/28 [dart slug/slug dart (7)]
  1736 | D:2      | Found a radiant altar of Vehumet.
  1847 | D:2      | Found a shattered altar of Ashenzari.
  2663 | D:2      | Reached XP level 4. HP: 35/35 MP: 8/8
  2850 | D:3      | Found a transporter.
  2850 | D:3      | Noticed Ratty's ghost (amateur DENe)
  3069 | D:3      | Found a faded altar of an unknown god.
  3393 | D:3      | Found a transporter.
  3714 | D:3      | Found an opulent altar of Gozag.
  3759 | D:3      | Found a shimmering altar of Xom.
  3968 | D:3      | Reached skill level 4 in Unarmed Combat
  4021 | D:3      | Found a sacrificial altar of Ru.
  4061 | D:3      | Slain by an adder

Levels and vault maps discovered:
D:1:      minmay_arrival_four_houses, layout_loops_ring
D:2:      layout_loops_ring, nicolae_overflow_hidden_temple,
          evilmike_ruin_ashenzari
D:3:      layout_rooms, nicolae_gozag_cash_rules_everything_around_me,
          nicolae_overflow_crystal_walls, marbit_many_paths,
          gammafunk_ghost_mausoleum, chequers_ecumenical_altar_simple

Skill      XL: |  1  2  3  4 |
---------------+-------------+-----
Transmutations | 3 |  3.3
Spellcasting   | 3 |  3.1
Unarmed Combat | 4 |  4.0
Fighting       | |  1.1
Dodging        | |  1.7

Action                   |  1- 3 |  4- 6 || total
-------------------------+-------+-------++-------
Melee: Unarmed           |   155 |   100 ||   255
       Tailslap          |    18 |     9 ||    27
       Kick              |     4 |     1 ||     5
       Punch             |     3 |     2 ||     5
       Headbutt          |     2 |     2 ||     4
 Cast: Beastly Appendage |     7 |     7 ||    14
       Sticks to Snakes  |     6 |     2 ||     8
 Stab: Sleeping          |       |     1 ||     1
  Eat: Chunk             |    12 |    14 ||    26
Armor: Skin              |    39 |    30 ||    69
Dodge: Dodged            |    82 |    53 ||   135

Table legend:
 A = Non-vault XP
 B = Vault XP
 C = Vault XP percentage of total XP
 D = Non-vault monster count
 E = Vault monster count
 F = Vault count percentage of total count
                 A         B        C        D         E       F
            +---------+---------+-------+---------+---------+-------
      Total |     158 |      13 |   7.6 |      63 |       1 |   1.6
            +---------+---------+-------+---------+---------+-------
        D:1 |      60 |       0 |   0.0 |      22 |       0 |   0.0
        D:2 |      54 |       0 |   0.0 |      23 |       0 |   0.0
        D:3 |      44 |      13 |  22.8 |      18 |       1 |   5.3
            +---------+---------+-------+---------+---------+-------
